 Dungeon Crawl Stone Soup version 0.26-a0-863-g3bff4b215c (webtiles) character file.

Game seed: 13103428548237278218

67 iamoutofideas the Firebug (level 4, -5/24 HPs)
             Began as a Deep Elf Fire Elementalist on Nov 25, 2020.
             Slain by Sigmund
             ... wielding a +0 scythe
              (8 damage)
             ... on level 2 of the Dungeon.
             The game lasted 00:01:50 (1847 turns).

iamoutofideas the Firebug (DEFE)                    Turns: 1847, Time: 00:01:51

Health: -5/24      AC:  2    Str:  5    XL:     4   Next: 0%
Magic:  0/11       EV: 13    Int: 21    God:
Gold:   46         SH:  0    Dex: 15    Spells: 9/10 levels left

rFire    . . .     SeeInvis .   (no weapon)
rCold    . . .     Faith    .   (no shield)
rNeg     . . .     Spirit   .   a - +0 robe
rPois    .         Reflect  .   (no helmet)
rElec    .         Harm     .   (no cloak)
rCorr    .         Rampage  .   (no gloves)
MR       .....                  (no boots)
Stlth    ++........             (no amulet)
HPRegen  0.08/turn              (no ring)
MPRegen  0.12/turn              (no ring)

@: hasted, very quick
A: no striking features
a: no special abilities


You were on level 2 of the Dungeon.
You visited 1 branch of the dungeon, and saw 2 of its levels.

You collected 46 gold pieces.

Inventory:

Hand Weapons
 d - a +0 dagger
Armour
 a - a +0 robe (worn)
Scrolls
 b - a scroll of teleportation {unknown}
 e - a scroll of enchant armour {unknown}
 g - a scroll of amnesia {unknown}
 h - a scroll of blinking {unknown}
 j - a scroll of identify {unknown}
Potions
 f - a potion of curing {unknown}
 i - a potion of lignification {unknown}


   Skills:
 + Level 2.7 Dodging
 + Level 2.8 Stealth
 + Level 3.8 Spellcasting
 + Level 1.8 Conjurations
 * Level 4.4 Fire Magic


You had 9 spell levels left.
You knew the following spells:

 Your Spells              Type           Power        Failure   Level
a - Foxfire               Conj/Fire      ###.         3%          1

Your spell library contained the following spells:

 Spells                   Type           Power        Failure   Level
 Conjure Flame            Conj/Fire      ###.....     10%         3
 Inner Flame              Hex/Fire       ##......     14%         3
 Sticky Flame             Conj/Fire      ###.....     32%         4
 Fireball                 Conj/Fire      ###.......   67%         5


Dungeon Overview and Level Annotations

Branches:
Dungeon (2/15)

Altars:

Annotations:
D:2 Sigmund


Message History

You conjure some foxfire!
The foxfire hits something.
The foxfire hits something but does no damage.
Something hits you!
Unknown command.
Casting: Foxfire (safe; 3% risk of failure)
Confirm with . or Enter, or press ? or * to list all spells.
You conjure some foxfire!
Sorry, you're not good enough to have a special ability.
Unknown command.
Casting: Foxfire (safe; 3% risk of failure)
Confirm with . or Enter, or press ? or * to list all spells.
You conjure some foxfire!
The foxfire hits something. x2
You hear some strange, mumbled words.
A puff of flame appears from out of thin air!
The puff of flame hits you!
* * * LOW HITPOINT WARNING * * *
Your foxfire dissipates!
It was a potion of haste.
You feel yourself speed up.
The foxfire hits something. x2; Something hits you!
You die...

#(... ##..# ###..$. . ....#
#....... .###..#.# ## #.##....
#......... ..# #.##....
#...#.#..#.##
.....###.##....###............##
..........######............##...
.....##....§§§§§.................
............§§§§@.............#..
......#.....§§..............#.#..
............§....................
.....##.....................###>.
......#..........................
†...........................###..
......#.................).#.# #..
..###.....<........#..##.##.# ###
.[...............)........#(#####


There were no monsters in sight!

Vanquished Creatures
  An adder (D:2)
  An ooze (D:2)
  5 dart slugs
  A leopard gecko (D:1)
  2 giant cockroaches
  8 goblins
  5 hobgoblins
  3 jackals (D:1)
  2 kobolds
  A quokka (D:2)
  2 bats (D:1)
  4 frilled lizards
  5 rats
40 creatures vanquished.

Vanquished Creatures (others)
  206 foxfires
206 creatures vanquished.

Grand Total: 246 creatures vanquished

Notes
Turn   | Place    | Note
-------+----------+-------------------------------------------
     0 | D:1      | iamoutofideas the Deep Elf Fire Elementalist began the
                  | quest for the Orb.
     0 | D:1      | Reached XP level 1. HP: 10/10 MP: 6/6
   239 | D:1      | Reached XP level 2. HP: 15/15 MP: 0/8
   608 | D:1      | Reached skill level 4 in Fire Magic
   793 | D:1      | Reached XP level 3. HP: 19/19 MP: 0/10
  1535 | D:2      | Found a faded altar of an unknown god.
  1766 | D:2      | Reached XP level 4. HP: 24/24 MP: 7/11
  1832 | D:2      | Noticed Sigmund
  1847 | D:2      | Slain by Sigmund

Illustrated notes

Levels and vault maps discovered:
D:1:      wander_arrival_desolate, layout_loops_ring
D:2:      layout_rooms, chequers_ecumenical_altar_simple_redux,
          minmay_tiny_reverse_x, uniq_sigmund

Skill      XL: |  1  2 |
---------------+-------+-----
Fire Magic     | 4 |  4.4
Dodging        | |  2.7
Stealth        | |  2.8
Spellcasting   | |  3.8
Conjurations   | |  1.8

Action                   |  1- 3 |  4- 6 || total
-------------------------+-------+-------++-------
Melee: Unarmed           |     1 |       ||     1
 Cast: Foxfire           |   123 |    14 ||   137
  Use: Potion            |       |     1 ||     1
Armor: Robe              |     4 |       ||     4
Dodge: Dodged            |    10 |     1 ||    11

Table legend: (Time is in decaauts)
 A = Elapsed time spent in this place.
 B = Non-inter-level travel time spent in this place.
 C = Inter-level travel time spent in this place.
 D = Time resting spent in this place.
 E = Time spent auto-exploring this place.
 F = Levels seen in this place.
 G = Mean time per level.
                   A        B        C        D        E       F      G
               +--------+--------+--------+--------+--------+-----+--------+
         Total |   1846 |   1840 |      6 |    229 |   1370 |   2 |  923.0 |
       Dungeon |   1846 |   1840 |      6 |    229 |   1370 |   2 |  923.0 |
               +--------+--------+--------+--------+--------+-----+--------+

Top non-repeatable levels by time:
     D:1: 1249 daAuts
     D:2: 597 daAuts
